 Dungeon Crawl Stone Soup version 0.17.1-2-g5865329 (webtiles) character file.

123 kaze the Ducker (level 4, -5/44 HPs)
             Began as a Troll Berserker on Feb 3, 2016.
             Was a Believer of Trog.
             Slain by a worker ant (8 damage)
             ... on level 4 of the Dungeon.
             The game lasted 00:12:10 (2197 turns).

kaze the Ducker (Troll Berserker)                   Turns: 2197, Time: 00:12:10

Health: -5/44      AC:  5    Str: 26    XL:     4   Next: 80%
Magic:  3/3        EV:  6    Int:  3    God:    Trog [**....]
Gold:   124        SH: 13    Dex:  9    Spells: 0 memorised, 3 levels left

rFire  . . .     SeeInvis .     d - +0 club
rCold  . . .     Clarity  .     a - +0 animal skin
rNeg   . . .     SustAt   .     c - +0 large shield
rPois  .         Gourm    +     (helmet restricted)
rElec  .         Spirit   .     (no cloak)
rCorr  .         Warding  .     (gloves unavailable)
rMut   .         Stasis   +     (boots unavailable)
MR     .....                    n - amulet of stasis
Stlth  +.........               (no ring)
                                (no ring)

@: lethally poisoned (-5 -> -9), very slightly contaminated, not resistant to
hostile enchantments, very unstealthy
A: unfitting armour, claws 3, fast metabolism 3, gourmand, regeneration 2,
shaggy fur 1, tough skin 2
a: Berserk, Trog's Hand, Burn Spellbooks, Renounce Religion


You were on level 4 of the Dungeon.
You worshipped Trog.
Trog was pleased with you.
You were not hungry.

You visited 1 branch of the dungeon, and saw 4 of its levels.

You collected 124 gold pieces.

Inventory:

Hand Weapons
 d - a +0 club (weapon)
Armour
 a - a +0 animal skin (worn)
 c - a +0 large shield (worn)
Jewellery
 b - a +4 ring of slaying {unknown}
 n - an amulet of stasis (around neck)
 s - an uncursed amulet of resist corrosion
Scrolls
 g - a scroll of random uselessness {unknown}
 h - 3 scrolls of identify {unknown}
 i - a scroll of enchant weapon {unknown}
 j - a scroll of immolation {unknown}
 m - a scroll of enchant armour {unknown}
 o - 2 scrolls of teleportation {unknown}
 q - a scroll of remove curse {unknown}
 r - a scroll of noise {unknown}
Potions
 e - a potion of magic {unknown}
 k - a potion of degeneration {unknown}
 p - a potion of curing {unknown}
Comestibles
 f - a meat ration
 l - 2 beef jerkies


   Skills:
 + Level 2.7 Fighting
 + Level 0.8 Maces & Flails
 + Level 3.5 Dodging
 + Level 0.2 Stealth
 * Level 1.7 Shields
 + Level 3.2 Unarmed Combat


You had 3 spell levels left.
You didn't know any spells.

Dungeon Overview and Level Annotations

Branches:
Dungeon (4/15)
 Temple: D:4-7

Altars:
Sif Muna
Vehumet


Innate Abilities, Weirdness & Mutations

You are too large for most types of armour.
You have claws for hands.
Your metabolism is lightning-fast.
You like to eat raw meat.
You heal very quickly.
You are covered in fur (AC +1).
You have very tough skin (AC +2).


Message History

You feel sick. You block the giant cockroach's attack.
You block the worker ant's attack. The worker ant bites you.
* * * LOW HITPOINT WARNING * * *
The giant cockroach bites you.
* * * LOW HITPOINT WARNING * * *
You block the worker ant's attack. x2
You hit the worker ant but do no damage.
The worker ant is almost dead.
You feel sick. You block the giant cockroach's attack.
The worker ant bites you but does no damage.
You block the worker ant's attack. The giant cockroach closely misses you.
You hit the worker ant but do no damage.
The worker ant is almost dead.
You feel sick. You block the worker ant's attack.
The worker ant closely misses you. You block the giant cockroach's attack.
The worker ant bites you.
* * * LOW HITPOINT WARNING * * *
You are lethally poisoned!
The worker ant poisons you! The worker ant bites you!
You die...

########
.(....# #
###...#.#.###
#.a@.<.>.....
#.sa......###
#.........#
#........##
#........#
#........#
#........#
#........#


You could see 2 worker ants and a giant cockroach.

Vanquished Creatures
  A hound (D:3)
  An orc priest (D:3)
  An adder (D:2)
  5 giant geckos
  4 orcs (D:3)
  5 bats
  6 hobgoblins
  2 quokkas
  4 giant cockroaches
  A giant newt (D:1)
  2 goblins (D:1)
  4 kobolds
  10 rats
46 creatures vanquished.

Notes
Turn   | Place    | Note
--------------------------------------------------------------
     0 | D:1      | kaze the Troll Berserker began the quest for the Orb.
     0 | D:1      | Reached XP level 1. HP: 22/22 MP: 0/0
   285 | D:1      | Reached XP level 2. HP: 21/29 MP: 1/1
   606 | D:2      | Found a faded altar to an unknown god.
  1086 | D:2      | Found a deep blue altar of Sif Muna.
  1181 | D:2      | Reached ** piety under Trog
  1232 | D:2      | Reached XP level 3. HP: 18/36 MP: 2/2
  1467 | D:3      | Reached skill level 1 in Shields
  1778 | D:3      | Found a radiant altar of Vehumet.
  2043 | D:3      | Reached XP level 4. HP: 14/44 MP: 3/3
  2197 | D:4      | Slain by a worker ant

Action                   |  1- 3 |  4- 6 || total
-------------------------+-------+-------++-------
Melee: Club              |   239 |    44 ||   283
       Unarmed           |     8 |       ||     8
Invok: Trog's Hand       |     1 |     1 ||     2
       Berserk           |       |     1 ||     1
 Stab: Sleeping          |       |     1 ||     1
  Eat: Chunk             |    12 |     1 ||    13
       Bread ration      |     1 |     1 ||     2
       Royal jelly       |       |     1 ||     1
